 Dungeon Crawl Stone Soup version 0.28-a0-105-g49a0850c41 (webtiles) character file.

Game seed: 3387825461427449013

1363 mcsnuffy the Chiller (level 8, -8/46 HPs)
             Began as a Deep Elf Ice Elementalist on Aug 11, 2021.
             Mangled by a mummy (16 damage)
             ... in an ossuary.
             The game lasted 00:27:35 (6073 turns).

mcsnuffy the Chiller (Deep Elf Ice Elementalist)    Turns: 6073, Time: 00:27:35

Health: -8/46      AC:  3    Str:  5    XL:     8   Next: 38%
Magic:  11/17      EV:  7    Int: 23    God:
Gold:   231        SH:  0    Dex: 15    Spells: 7/17 levels left

rFire   . . .      SeeInvis .   w - +3 quarterstaff (chaos)
rCold   . . .      Faith    .   (shield currently unavailable)
rNeg    . . .      Spirit   .   a - +0 robe
rPois   .          Reflect  .   (no helmet)
rElec   .          Harm     .   u - +0 cloak
rCorr   +          Rampage  .   (no gloves)
Will    +....                   (no boots)
Stlth   +++.......              (no amulet)
HPRegen 0.15/turn               W - ring of willpower
MPRegen 0.15/turn               R - ring of resist corrosion

@: marked, held
A: no striking features
a: no special abilities


You were in an ossuary.
You visited 1 branch of the dungeon, and saw 6 of its levels.
You also visited: Ossuary.

You collected 335 gold pieces.
You spent 104 gold pieces at shops.


   Skills:
 - Level 3.0 Fighting
 - Level 6.0 Dodging
 - Level 4.0 Stealth
 - Level 5.0 Spellcasting
 - Level 5.0 Summonings
 - Level 2.0 Translocations
 + Level 7.2 Ice Magic


You had 7 spell levels left.
You knew the following spells:

 Your Spells              Type           Power      Damage    Failure   Level
b - Summon Ice Beast      Ice/Summ       33%        N/A       8%          4
f - Freeze                Ice            100%       1d11      1%          1
r - Frozen Ramparts       Ice            76%        1d9       1%          3
B - Blink                 Tloc           N/A        N/A       6%          2

Your spell library contained the following spells:

 Spells                   Type           Power      Damage    Failure   Level
 Ozocubu's Armour         Ice            38%        N/A       1%          3
 Animate Skeleton         Necr           10%        N/A       10%         1
 Beastly Appendage        Tmut           10%        N/A       10%         1
 Pain                     Necr           20%        1d5       10%         1
 Static Discharge         Conj/Air       5%         N/A       14%         2
 Wereblood                Tmut           5%         N/A       14%         2
 Hailstorm                Conj/Ice       22%        3d7       22%         4
 Spider Form              Tmut/Pois      2%         N/A       28%         3
 Vampiric Draining        Necr           2%         2d6       28%         3
 Summon Mana Viper        Hex/Summ       17%        N/A       67%         5
 Freezing Cloud           Conj/Ice/Air   8%         6-21      69%         5
 Manifold Assault         Tloc           14%        N/A       75%         5
 Lightning Bolt           Conj/Air       2%         1d14      95%         5
 Simulacrum               Ice/Necr       11%        N/A       97%         6
 Monstrous Menagerie      Summ           14%        N/A       100%        7
 Storm Form               Tmut/Air       2%         N/A       100%        7
 Maxwell's Capacitive Co  Air            2%         ∞         100%        8
 Polar Vortex             Ice            19%        N/A       100%        9

Inventory:

Hand Weapons
 w - a +3 quarterstaff of chaos (weapon)
Armour
 a - a +0 robe (worn)
 b - a +3 ring mail of fire resistance
 m - +0 steam dragon scales
 u - a +0 cloak (worn)
Jewellery
 R - a ring of resist corrosion (right hand)
 W - a ring of willpower (left hand)
Wands
 r - a wand of polymorph (9)
 v - a wand of flame (20)
Scrolls
 i - a scroll of immolation {unknown}
 l - a scroll of summoning
 o - a scroll of torment
 p - a scroll of identify {@r1}
 t - 2 scrolls of blinking
Potions
 c - 4 potions of curing {@q1}
 d - 2 potions of attraction {unknown}
 e - 2 potions of mutation {unknown}
 f - 3 potions of lignification
 g - 2 potions of flight
 h - a potion of invisibility {unknown}
 j - a potion of heal wounds {@q2}
 k - 2 potions of haste {unknown}
 n - 2 potions of ambrosia {unknown}
 s - a potion of degeneration {unknown}

Dungeon Overview and Level Annotations

Branches:
Dungeon (6/15)            Ossuary (1/1)
 Temple: D:4-7

Altars:

Shops:
D:4

!*[ ▒▒▒▒▒▒▒▒▒▒▒
▒▒▒▒▒▒▒▒▒▒▒.▒.▒.▒.▒.▒
▒▒...@ZZZ..^...^^^..§.
▒....ZMM....M.^......Z
▒.....∩ZY.........^..§
▒.......Z........§....
▒▒.........^......^.^§
▒▒▒▒▒▒▒▒▒▒▒.▒.▒.▒.▒.▒
▒▒▒▒▒▒▒▒▒▒▒


You could see 3 mummies, a hobgoblin zombie (ally target), 5 centaur zombies and
a friendly ice beast (summoned).


Message History

Hit: w) +3 quarterstaff (chaos)
Press: ? - help, Dir - move target, f - mummy
Aim: a mummy (about 23% to evade your +3 quarterstaff of chaos)
Your weapon can't reach that far!
Okay, then.
Casting: Summon Ice Beast (quite dangerous; 8% risk of failure)
Confirm with . or Enter, or press ? or * to list all spells.
The spell is quite dangerous to cast (8% risk of failure)!
Continue anyway?
A chill wind blows around you. The centaur zombie hits you.
* * * LOW HITPOINT WARNING * * *
The centaur zombie kicks you but does no damage.
The centaur zombie completely misses you.
The centaur zombie kicks you but does no damage.
Your ice beast hits the centaur zombie but does no damage.
The centaur zombie misses you.
The centaur zombie kicks you but does no damage.
The mummy misses you. The centaur zombie barely misses you.
The centaur zombie kicks you but does no damage.
Your ice beast hits the mummy but does no damage.
The mummy drops a net on you.
You become entangled in the net!
The mummy hits you!
* * * LOW HITPOINT WARNING * * *
Your ice beast completely misses the mummy.
You see here a throwing net {=f}.
You tear a large gash into the net.
The centaur zombie barely misses you.
The centaur zombie kicks you but does no damage.
The hobgoblin zombie hits your ice beast.
The mummy hits you!
You die...

Skill      XL: |  1  2  3  4  5  6  7  8 |
---------------+-------------------------+-----
Ice Magic      | 5 7 |  7.2
Fighting       | 1 2 3 |  3.0
Stealth        | 3 4 |  4.0
Dodging        | 3 4 6 |  6.0
Spellcasting   | 4 5 |  5.0
Translocations | 1 2 |  2.0
Summonings     | 2 5 |  5.0

Action                   |  1- 3 |  4- 6 |  7- 9 || total
-------------------------+-------+-------+-------++-------
Melee: Dagger            |    21 |    13 |       ||    34
       Quarterstaff      |       |       |    40 ||    40
       Rapier            |       |       |     3 ||     3
 Cast: Freeze            |    48 |    36 |    39 ||   123
       Frozen Ramparts   |       |     5 |    24 ||    29
       Summon Ice Beast  |       |       |     3 ||     3
  Use: Scroll            |       |     2 |     6 ||     8
       Potion            |       |     1 |       ||     1
 Stab: Sleeping          |    13 |     2 |     2 ||    17
       Petrified         |       |       |     6 ||     6
       Petrifying        |       |       |     1 ||     1
Armor: Robe              |     7 |     4 |    19 ||    30
Dodge: Dodged            |    21 |    21 |    58 ||   100

Levels and vault maps discovered:
D:1:      dpeg_arrival_round_b, layout_basic,
          shapermc_ecumenical_altar_notcrosses, minmay_rat_gold_closets
D:2:      layout_basic, minmay_fractal_squares_5
D:3:      layout_rooms
D:4:      layout_loops_cross, serial_shops, nicolae_shop_behind_doors, shop,
          kennysheep_mini_moat, kennysheep_small_circle, uniq_eustachio,
          uniq_crazy_yiuf_cottage
D:5:      layout_cave_pods, lemuel_old_faithful, uniq_edmund
D:6:      layout_cave_pools, amethyst_overflow_temple_binary,
          chequers_ossuary_entry_cave, gammafunk_ghost_arena
Ossuary:  ossuary_the_hunt_dpeg

Notes
Turn   | Place    | Note
-------+----------+-------------------------------------------
     0 | D:1      | mcsnuffy the Deep Elf Ice Elementalist began the quest for
                  | the Orb.
     0 | D:1      | Reached XP level 1. HP: 10/10 MP: 6/6
   294 | D:1      | Reached XP level 2. HP: 15/15 MP: 8/8
   316 | D:1      | Reached skill level 5 in Ice Magic
   387 | D:1      | You fall into a shaft and drop 1 floor!
   581 | D:2      | Reached skill level 1 in Fighting
   651 | D:1      | Reached XP level 3. HP: 20/20 MP: 6/9
   699 | D:1      | Found a faded altar of an unknown god.
  1345 | D:2      | Reached skill level 2 in Fighting
  1555 | D:2      | Reached skill level 3 in Stealth
  1737 | D:2      | Reached skill level 3 in Dodging
  1737 | D:2      | Reached XP level 4. HP: 16/26 MP: 7/10
  2735 | D:3      | Reached skill level 4 in Dodging
  2859 | D:4      | Reached skill level 4 in Spellcasting
  2859 | D:4      | Reached XP level 5. HP: 30/30 MP: 6/13
  2863 | D:4      | Learned a level 3 spell: Frozen Ramparts
  2913 | D:4      | Found Edeozat's Distillery.
  2937 | D:4      | Bought a potion of heal wounds for 65 gold pieces
  2937 | D:4      | Bought a potion of lignification for 39 gold pieces
  2943 | D:4      | Noticed a black bear
  2955 | D:4      | Killed a black bear
  2956 | D:4      | Reached skill level 6 in Ice Magic
  3043 | D:4      | Noticed Eustachio
  3055 | D:4      | Killed Eustachio
  3056 | D:4      | Reached skill level 7 in Ice Magic
  3056 | D:4      | Reached XP level 6. HP: 30/35 MP: 8/14
  3115 | D:4      | Reached skill level 5 in Spellcasting
  3164 | D:4      | Learned a level 2 spell: Blink
  3179 | D:4      | Found a runed translucent door.
  3180 | D:4      | Noticed Crazy Yiuf
  3238 | D:4      | Found Peipic's Antique Armour Emporium.
  3250 | D:4      | Reached skill level 1 in Translocations
  3250 | D:4      | Reached XP level 7. HP: 40/40 MP: 11/16
  3352 | D:4      | Found Erhuatuq's General Store.
  3441 | D:4      | Reached skill level 3 in Fighting
  3441 | D:4      | Reached skill level 2 in Translocations
  3871 | D:4      | Killed Crazy Yiuf
  3996 | D:5      | Entered Level 5 of the Dungeon
  4197 | D:5      | Reached skill level 4 in Stealth
  4506 | D:5      | Noticed Edmund
  4522 | D:5      | Killed Edmund
  4523 | D:5      | Reached skill level 5 in Dodging
  4768 | D:5      | Reached skill level 6 in Dodging
  4836 | D:5      | Learned a level 4 spell: Summon Ice Beast
  4954 | D:5      | Reached skill level 1 in Summonings
  5420 | D:5      | Reached skill level 2 in Summonings
  5420 | D:5      | Reached XP level 8. HP: 46/46 MP: 14/17
  5754 | D:6      | Reached skill level 3 in Summonings
  5775 | D:6      | Reached skill level 4 in Summonings
  5875 | D:6      | Reached skill level 5 in Summonings
  6044 | D:6      | Found a sand-covered staircase.
  6052 | Ossuary  | Entered an ossuary
  6073 | Ossuary  | Mangled by a mummy

Vanquished Creatures
  Eustachio (D:4)
  A steam dragon (D:6)
  Edmund (D:5)
  A necrophage (D:4)
  2 black bears (D:4)
  A scorpion (D:4)
  A centaur zombie (D:5)
  A bullfrog zombie (D:5)
  2 orc priests
  2 hounds (D:5)
  A jelly (D:4)
  Crazy Yiuf (D:4)
  A scorpion zombie (D:5)
  5 orc wizards
  A howler monkey zombie (D:5)
  8 adders
  A shadow imp (D:5)
  2 ufetubi (D:5)
  A worm (D:4)
  11 orcs
  5 endoplasms
  5 giant cockroaches
  6 goblins
  10 hobgoblins
  6 jackals
  3 quokkas
  7 ball pythons
  3 bats
  6 frilled lizards
  5 kobolds (D:1)
  14 rats
115 creatures vanquished.

Vanquished Creatures (collateral kills)
  A jelly (D:6)
  An orc priest (D:6)
  An orc (D:6)
3 creatures vanquished.

Grand Total: 118 creatures vanquished

Table legend: (Time is in decaauts)
 A = Elapsed time spent in this place.
 B = Non-inter-level travel time spent in this place.
 C = Inter-level travel time spent in this place.
 D = Time resting spent in this place.
 E = Time spent auto-exploring this place.
 F = Levels seen in this place.
 G = Mean time per level.
                   A        B        C        D        E       F      G
               +--------+--------+--------+--------+--------+-----+--------+
         Total |   6082 |   5990 |     92 |   1027 |   3615 |   7 |  868.9 |
       Dungeon |   6062 |   5970 |     92 |   1027 |   3615 |   6 | 1010.3 |
       Ossuary |     20 |     20 |      0 |      0 |      0 |   1 |   20.0 |
               +--------+--------+--------+--------+--------+-----+--------+

Top non-repeatable levels by time:
     D:5: 1736 daAuts
     D:2: 1254 daAuts
     D:4: 1148 daAuts
     D:1: 983 daAuts
     D:3: 609 daAuts
     D:6: 330 daAuts
 Ossuary: 20 daAuts

Table legend:
 A = Non-vault XP
 B = Vault XP
 C = Vault XP percentage of total XP
 D = Non-vault monster count
 E = Vault monster count
 F = Vault count percentage of total count
                 A         B        C        D         E       F
            +---------+---------+-------+---------+---------+-------
      Total |    1343 |     605 |  31.1 |      97 |      21 |  17.8
            +---------+---------+-------+---------+---------+-------
        D:1 |      33 |       9 |  21.4 |      22 |       9 |  29.0
        D:2 |      44 |      23 |  34.3 |      12 |       6 |  33.3
        D:3 |      64 |       0 |   0.0 |      18 |       0 |   0.0
        D:4 |     406 |     400 |  49.6 |      13 |       5 |  27.8
        D:5 |     350 |     173 |  33.1 |      16 |       1 |   5.9
        D:6 |     446 |       0 |   0.0 |      16 |       0 |   0.0
            +---------+---------+-------+---------+---------+-------
